 Dungeon Crawl Stone Soup version 0.29.1-12-g30fa7ad0bf (webtiles) character file.

Game seed: 3387767094754517299

14 cheesebisquit the Ruffian (level 2, 28/28 HPs)
             Began as a Troll Warper on Jan 17, 2023.
             Quit the game on level 1 of the Dungeon.
             The game lasted 00:04:17 (706 turns).

cheesebisquit the Ruffian (Troll Warper)             Turns: 706, Time: 00:04:17

Health: 28/28      AC:  6    Str: 18    XL:     2   Next: 27%
Magic:  2/2        EV:  9    Int:  9    God:
Gold:   58         SH:  0    Dex:  9    Spells: 3/3 levels left

rFire   . . .      SeeInvis .     - Unarmed
rCold   . . .      Faith    .   (no shield)
rNeg    . . .      Spirit   .   a - +0 robe
rPois   .          Reflect  .   (helmet restricted)
rElec   .          Harm     .   e - +1 cloak
rCorr   .          Rampage  .   (gloves unavailable)
Will    .....                   (boots unavailable)
Stlth   +.........              (no amulet)
HPRegen 0.89/turn               (no ring)
MPRegen 0.08/turn               (no ring)

@: no status effects
A: large, unfitting armour, claws 3, regeneration 1, shaggy fur 1, tough skin 1
a: no special abilities


You were on level 1 of the Dungeon.
You visited 1 branch of the dungeon, and saw 1 of its levels.

You collected 58 gold pieces.

Inventory:

Armour
 a - a +0 robe (worn)
 e - a +1 cloak (worn)
Scrolls
 b - a scroll of blinking
 f - a scroll of noise {unknown}
 g - 2 scrolls of identify {unknown}
Potions
 c - a potion of invisibility {unknown}
 d - 2 potions of attraction {unknown}


   Skills:
 * Level 2.1 Fighting
 + Level 1.2 Throwing
 - Level 1.9 Dodging
 + Level 2.2 Unarmed Combat
 - Level 1.2 Spellcasting
 - Level 2.1 Translocations


You had 3 spell levels left.
You didn't know any spells.
Your spell library contained the following spells:

 Spells                   Type           Power      Damage    Failure   Level
 Blink                    Tloc           8%         N/A       22%         2
 Gell's Gravitas          Tloc           4%         N/A       41%         3
 Lesser Beckoning         Tloc           4%         N/A       41%         3
 Teleport Other           Tloc           4%         N/A       41%         3
 Manifold Assault         Tloc           4%         N/A       99%         5


Dungeon Overview and Level Annotations

Branches:
Dungeon (1/15)

Altars:


Innate Abilities, Weirdness & Mutations

You are too large for most types of armour.
You have claws for hands.
Your natural rate of healing is unusually fast.
You are covered in fur. (AC +1)
You have tough skin. (AC +1)


Message History

You closely miss the quokka.
The quokka is heavily wounded.
The quokka bites you.
You barely miss the quokka.
The quokka is heavily wounded.
The quokka bites you but does no damage.
You closely miss the quokka.
The quokka is heavily wounded.
The quokka bites you.
You scratch the quokka.
You kill the quokka!
Found a stone staircase leading down.
A frilled lizard comes into view.
The frilled lizard hisses angrily.
You throw a stone. The stone hits the frilled lizard.
The frilled lizard is heavily wounded.
You throw a stone.
The stone completely misses the frilled lizard.
Nothing quivered!
The frilled lizard barely misses you.
You barely miss the frilled lizard.
The frilled lizard is heavily wounded.
The frilled lizard bites you but does no damage.
You miss the frilled lizard.
The frilled lizard is heavily wounded.
The frilled lizard bites you but does no damage.
You miss the frilled lizard.
The frilled lizard is heavily wounded.
The frilled lizard bites you but does no damage.
You scratch the frilled lizard but do no damage.
The frilled lizard is heavily wounded.
The frilled lizard bites you but does no damage.
You scratch the frilled lizard.
You kill the frilled lizard!
There is a stone staircase leading down here.
There is a stone staircase leading down here.
g - 2 scrolls labelled SOCIAT UGAREIN (gained 1)
c - a bubbling white potion Done exploring.
Are you sure you want to abandon this character and quit the game? (Confirm with "yes".)

#...............#
###.#
###########.....#
#...# #### #.....#
#.### ...#
######.#.# #.#
##.#######......#.#
#.#
..#........######.#
#.#####
##.######..# ##.#
#.....# #.# #.^#
#..# #####.# ##.#
#..# #@## #.# ...#
#..# #.# #.# ####
#..# #.# #.# #..##
#.# #.# #...# #.#
#.# ##..# #.#
####.## ##.# #.#
#.....# #### #.#
#.# #.##.## ...#
#.# #.# #.####


There were no monsters in sight!

Vanquished Creatures
  A bat (D:1)
  A giant cockroach (D:1)
  3 goblins (D:1)
  2 hobgoblins (D:1)
  A quokka (D:1)
  A frilled lizard (D:1)
  3 kobolds (D:1)
12 creatures vanquished.

Notes
Turn   | Place    | Note
-------+----------+-------------------------------------------
     0 | D:1      | cheesebisquit the Troll Warper began the quest for the Orb.
     0 | D:1      | Reached XP level 1. HP: 19/19 MP: 1/1
   186 | D:1      | Reached skill level 1 in Throwing
   430 | D:1      | Reached XP level 2. HP: 28/28 MP: 2/2
   706 | D:1      | Quit the game

Illustrated notes

Levels and vault maps discovered:
D:1:      dpeg_arrival_chambers_temple_mockup, layout_loops_ring, st_stairs_9

Skill      XL: |  1 |
---------------+----+-----
Throwing       | 1 |  1.2
Fighting       | 2 |  2.1
Dodging        | |  1.9
Unarmed Combat | |  2.2
Spellcasting   | |  1.2
Translocations | |  2.1

Action                   || total
-------------------------++-------
Melee: Unarmed           ||    26
Throw: Boomerang         ||     7
       Stone             ||     5
Armor: Robe              ||     8
Dodge: Dodged            ||     9
